 Dungeon Crawl Stone Soup version 0.31-a0-788-ga445dbd2db (webtiles) character file.

Game seed: 17900498230586829991

13611 Revguard the Fighter (level 11, -4/89 HPs)
             Began as a Demonspawn Gladiator on Sept 18, 2023.
             Was an Elder of Kikubaaqudgha.
             Constricted to death by Jorgrun (10 damage)
             ... on level 12 of the Dungeon.
             The game lasted 00:33:07 (11553 turns).

Revguard the Fighter (Demonspawn Gladiator)        Turns: 11553, Time: 00:33:08

Health: -4/89      AC: 11    Str: 19    XL:     11   Next: 77%
Magic:  8/29       EV: 11    Int: 12    God:    Kikubaaqudgha [****..]
Gold:   299        SH:  4    Dex: 14    Spells: 9/22 levels left

rFire   . . .        o - +0 executioner's axe
rCold   . . .        (shield currently unavailable)
rNeg    . . .        m - +3 troll leather armour {Snorg}
rPois   .            A - +1 hat {Stlth+}
rElec   .            (no cloak)
rCorr   .            (no gloves)
SInv    +            (boots unavailable)
Will    .....        (no amulet)
Stlth   ++           j - ring of magical power
HPRegen 1.14/turn    y - ring of see invisible
MPRegen 0.21/turn

%: no passive effects
@: brilliant, grasped by roots, very slightly contaminated, constricted
A: hooves 3, icemail 1, big brain 1, condensation shield, demonic magic 1, horns
1, noise suppression
a: Renounce Religion, Unearth Wretches


You were on level 12 of the Dungeon.
You worshipped Kikubaaqudgha.
Kikubaaqudgha was greatly pleased with you.
You visited 2 branches of the dungeon, and saw 13 of its levels.

You collected 733 gold pieces.
You spent 434 gold pieces at shops.

Inventory:

Hand Weapons
 a - a +1 mace of venom
 o - a +0 executioner's axe (weapon)
 p - a +0 battleaxe
Missiles
 d - 4 throwing nets
 e - a javelin
Armour
 m - a +3 troll leather armour (worn) {Snorg}
 q - a +0 plate armour
 A - a +1 hat of stealth (worn)
Jewellery
 j - a ring of magical power (left hand)
 w - a +6 ring of dexterity
 x - a ring of fire
 y - a ring of see invisible (right hand)
Wands
 g - a wand of polymorph (7)
 r - a wand of paralysis (4)
 v - a wand of flame (1)
Scrolls
 h - 6 scrolls of revelation
 i - a scroll of fog
 k - a scroll of vulnerability
 l - a scroll of silence
 t - a scroll of teleportation
 u - a scroll of amnesia
 z - a scroll of torment
 B - a scroll of blinking
 D - 3 scrolls of fear
Potions
 b - a potion of heal wounds
 c - 2 potions of magic
 f - 3 potions of attraction
 n - 4 potions of curing


   Skills:
 * Level 9.0 Fighting
 * Level 8.3 Axes
 - Level 1.7 Throwing
 * Level 7.2 Armour
 + Level 6.3 Dodging
 * Level 6.0 Spellcasting
 + Level 5.9 Necromancy
 - Level 3.2 Invocations
 + Level 6.0 Evocations


You had 9 spell levels left.
You knew the following spells:

 Your Spells              Type           Power      Damage    Failure   Level
a - Necrotise             Necr           100%       1d9       1%          1
b - Vampiric Draining     Necr           26%        2d7       5%          3
c - Anguish               Hex/Necr       8%         N/A       52%         4
d - Borgnjor's Vile Clut  Necr/Erth      8%         N/A       86%         5

Your spell library contained the following spells:

 Spells                   Type           Power      Damage    Failure   Level
 Cigotuvi's Dreadful Rot  Necr/Pois/Air  24%        N/A       14%         2
 Animate Dead             Necr           26%        N/A       19%         4
 Agony                    Necr           26%        N/A       45%         5
 Simulacrum               Ice/Necr       8%         N/A       100%        6


Dungeon Overview and Level Annotations

Branches:
Dungeon (12/15)            Temple (1/1) D:6            Lair (0/5) D:9
    Orc (0/2) D:9

Altars:
Ashenzari
Cheibriados
Dithmenos
Fedhas
Gozag
Hepliaklqana
Kikubaaqudgha
Makhleb
Nemelex Xobeh
Okawaru
Qazlal
Ru
Trog
Uskayaw
Vehumet
Wu Jian
Xom
Yredelemnul

Shops:
D:3 [   D:8 *==   D:10 ?=(!

Annotations:
D:12 Jorgrun


Innate Abilities, Weirdness & Mutations

You have hooves in place of feet.
A meltable icy envelope protects you from harm. (AC +4)
You have an unusually large brain. (Int +2)
A meltable shield of frost defends you. (SH +4)
Spells you cast may paralyse adjacent enemies.
You have a pair of small horns on your head.
You passively dampen the noise of your surroundings.


Message History

Aim: Jorgrun, wielding a staff of earth and wearing a +2 robe (moderately wounded)
You feel a surge of power!
You draw life force from Jorgrun!
You feel life coursing into your body. Malevolent energies surge around you.
Jorgrun gestures at you while chanting.
Roots burst forth from the earth!
The grasping roots grab you! The grasping roots constrict you.
Casting: Vampiric Draining (dangerous; 5% risk of failure)
Confirm with . or Enter, or press ? or * to list all spells.
Aiming: Vampiric Draining (dangerous; 5% risk of failure)
Press: ? - help, Shift-Dir - straight line, f/p - Jorgrun
Aim: Jorgrun, wielding a staff of earth and wearing a +2 robe (moderately wounded)
You feel a surge of power!
You miscast Vampiric Draining.
You are very lightly contaminated with residual magic.
Nothing appears to happen.
Jorgrun closely misses you. The grasping roots constrict you!
Casting: Vampiric Draining (dangerous; 5% risk of failure)
Confirm with . or Enter, or press ? or * to list all spells.
Aiming: Vampiric Draining (dangerous; 5% risk of failure)
Press: ? - help, Shift-Dir - straight line, f/p - Jorgrun
Aim: Jorgrun, wielding a staff of earth and wearing a +2 robe (moderately wounded)
You feel a surge of power!
You draw life force from Jorgrun!
You feel life coursing into your body. Malevolent energies surge around you.
Jorgrun gestures at you while chanting. The entropic shot hits you!!
* * * LOW HITPOINT WARNING * * *
The grasping roots constrict you!
* * * LOW HITPOINT WARNING * * *
Casting: Vampiric Draining (dangerous; 5% risk of failure)
Confirm with . or Enter, or press ? or * to list all spells.
Aiming: Vampiric Draining (dangerous; 5% risk of failure)
Press: ? - help, Shift-Dir - straight line, f/p - Jorgrun
Aim: Jorgrun, wielding a staff of earth and wearing a +2 robe (heavily wounded)
You feel a surge of power!
You draw life force from Jorgrun!
You feel life coursing into your body. Malevolent energies surge around you.
Jorgrun hits you with a staff of earth.
* * * LOW HITPOINT WARNING * * *
The grasping roots constrict you!
You die...
Kikubaaqudgha rasps: "You have failed me!
Welcome... death!"

..... # #....#
.. ####....##
...#####........
#.............#
#...........##
#............#
#.g@<#
#........#
..........#
..........#
.........##
...>.....#
..........
..........


You could see Jorgrun.

Vanquished Creatures
  Gastronok (D:9)
  Snorg (D:10)
  A hydra (D:9)
  2 two-headed ogres
  Maurice (D:8)
  A gargoyle (D:11)
  Psyche (D:10)
  A komodo dragon (D:9)
  3 trolls
  A hornet (D:9)
  Prince Ribbit (D:8)
  Sigmund (D:3)
  2 wraiths
  20 yaks
  2 steam dragons
  2 vampire mosquitoes (D:11)
  2 acid dragons (D:10)
  2 water moccasins
  6 orc warriors
  A sky beast (D:7)
  4 ice beasts
  3 ogres
  2 centaurs
  2 phantoms
  A kobold brigand (D:6)
  4 bullfrogs
  A gnoll sergeant (D:11)
  2 scorpions
  5 wights (D:9)
  5 electric eels
  3 vampire bats (D:4)
  6 howler monkeys
  A crimson imp (D:4)
  A hound (D:7)
  6 orc priests
  A jelly (D:5)
  A sleepcap (D:6)
  3 iguanas
  7 orc wizards
  6 gnolls
  2 adders
  2 shadow imps (D:3)
  2 white imps
  An ufetubus (D:6)
  A worm (D:6)
  A dart slug (D:1)
  46 orcs
  2 bat skeletons (D:4)
  2 bat zombies (D:4)
  5 endoplasms
  6 giant cockroaches
  4 goblins
  10 hobgoblins
  5 jackals
  3 quokkas
  3 ball pythons
  3 bats
  4 frilled lizards
  5 kobolds
  4 rats
227 creatures vanquished.

Vanquished Creatures (others)
  A scorpion (D:6)
  An orc wizard (D:6)
  An orc (D:6)
3 creatures vanquished.

Grand Total: 230 creatures vanquished

Notes
Turn   | Place    | Note
-------+----------+-------------------------------------------
     0 | D:1      | Revguard the Demonspawn Gladiator began the quest for the
                  | Orb.
     0 | D:1      | Reached XP level 1. HP: 16/16 MP: 1/1
   166 | D:1      | Gained mutation: A meltable shield of frost defends you.
                  | (SH +4) [demonic ancestry]
   166 | D:1      | Reached XP level 2. HP: 22/22 MP: 2/2
   282 | D:1      | Gained mutation: You have large cloven feet. [demonic
                  | ancestry]
   282 | D:1      | Reached XP level 3. HP: 17/28 MP: 3/3
   286 | D:1      | Reached skill level 1 in Invocations
  1086 | D:2      | Reached skill level 1 in Evocations
  1561 | D:3      | Found a transporter.
  1572 | D:3      | Gained mutation: You have hoof-like feet. [demonic
                  | ancestry]
  1572 | D:3      | Reached XP level 4. HP: 26/34 MP: 5/5
  1643 | D:3      | Found a transporter.
  1767 | D:3      | Noticed Sigmund
  1791 | D:3      | Killed Sigmund
  1792 | D:3      | Reached skill level 3 in Fighting
  1792 | D:3      | Reached skill level 1 in Armour
  1792 | D:3      | Reached XP level 5. HP: 11/41 MP: 6/6
  2110 | D:3      | Found Alarad's Antique Armour Shoppe.
  2210 | D:3      | Gained mutation: A meltable icy envelope protects you from
                  | harm. (AC +4) [demonic ancestry]
  2210 | D:3      | Reached XP level 6. HP: 29/47 MP: 7/7
  2340 | D:4      | Found a stormy altar of Qazlal.
  2576 | D:4      | Reached skill level 4 in Fighting
  2855 | D:4      | Found an ancient bone altar of Kikubaaqudgha.
  2859 | D:4      | Gained mutation: You have an unusually large brain. (Int
                  | +2) [demonic ancestry]
  2859 | D:4      | Reached XP level 7. HP: 54/54 MP: 9/9
  2879 | D:4      | Became a worshipper of Kikubaaqudgha
  3131 | D:4      | Found a sacrificial altar of Ru.
  3405 | D:5      | Entered Level 5 of the Dungeon
  3482 | D:5      | Reached skill level 1 in Spellcasting
  3664 | D:5      | Reached skill level 1 in Necromancy
  3852 | D:5      | You fall into a shaft and drop 1 floor!
  3898 | D:6      | Gained mutation: You have hooves in place of feet. [demonic
                  | ancestry]
  3898 | D:6      | Reached XP level 8. HP: 61/61 MP: 10/10
  3909 | D:6      | Reached skill level 5 in Fighting
  3984 | D:6      | Found a snail-covered altar of Cheibriados.
  4271 | D:6      | Reached * piety under Kikubaaqudgha
  4271 | D:6      | Received a gift from Kikubaaqudgha
  4279 | D:6      | Learned a level 1 spell: Necrotise
  4283 | D:6      | Learned a level 3 spell: Vampiric Draining
  4423 | D:6      | Found a shadowy altar of Dithmenos.
  4424 | D:6      | Found an iron altar of Okawaru.
  4425 | D:6      | Found a blossoming altar of Fedhas.
  4456 | D:6      | Found a shimmering altar of Xom.
  4522 | D:6      | Found a staircase to the Ecumenical Temple.
  4528 | Temple   | Entered the Ecumenical Temple
  5192 | D:6      | Gained mutation: Your body sometimes deteriorates upon
                  | taking damage. [potion of mutation]
  5347 | D:7      | Reached skill level 5 in Axes
  6005 | D:7      | Reached XP level 9. HP: 11/69 MP: 13/13
  6715 | D:7      | Reached skill level 6 in Fighting
  6949 | D:8      | Found Erimuuth's General Store.
  6950 | D:8      | Found Xeemied's Jewellery Boutique.
  7128 | D:8      | Found Biffid's Jewellery Emporium.
  7196 | D:8      | Bought a ring of see invisible for 150 gold pieces
  7249 | D:8      | Noticed Maurice
  7272 | D:8      | Reached ** piety under Kikubaaqudgha
  7289 | D:8      | Maurice stole a +6 ring of dexterity
  7291 | D:8      | Killed Maurice
  7292 | D:8      | Reached skill level 5 in Armour
  7292 | D:8      | Reached skill level 5 in Dodging
  7598 | D:8      | Reached XP level 10. HP: 64/77 MP: 16/16
  7761 | D:8      | Noticed Prince Ribbit
  7767 | D:8      | Killed Prince Ribbit
  7768 | D:8      | Reached skill level 7 in Fighting
  8137 | D:9      | Found a hazy altar of Hepliaklqana.
  8200 | D:9      | Noticed Gastronok
  8223 | D:9      | Killed Gastronok
  8224 | D:9      | Reached skill level 5 in Evocations
  8537 | D:9      | Noticed a four-headed hydra
  8555 | D:9      | HP: 4/80 [four-headed hydra (4)]
  8558 | D:9      | Killed a four-headed hydra
  8559 | D:9      | Reached skill level 5 in Necromancy
  8800 | D:9      | Reached *** piety under Kikubaaqudgha
  8800 | D:9      | Received a gift from Kikubaaqudgha
  8812 | D:9      | Reached skill level 8 in Fighting
  8819 | D:9      | Learned a level 4 spell: Anguish
  8825 | D:9      | Learned a level 5 spell: Borgnjor's Vile Clutch
  9081 | D:9      | Found a staircase to the Lair.
  9206 | D:9      | Noticed a two-headed ogre
  9214 | D:9      | Killed a two-headed ogre
  9215 | D:9      | Gained mutation: Spells you cast may paralyse adjacent
                  | enemies. [demonic ancestry]
  9215 | D:9      | Reached XP level 11. HP: 86/86 MP: 18/18
  9232 | D:9      | Found a staircase to the Orcish Mines.
  9267 | D:10     | Entered Level 10 of the Dungeon
  9291 | D:10     | Reached skill level 5 in Spellcasting
  9491 | D:10     | Found Ekla Gea's Magic Scroll Emporium.
  9545 | D:10     | Noticed Snorg
  9576 | D:10     | Killed Snorg
  9845 | D:10     | Found Cent's Distillery.
  9852 | D:10     | Noticed a two-headed ogre
  9863 | D:10     | Killed a two-headed ogre
  9876 | D:10     | Bought a potion of heal wounds for 55 gold pieces
  9876 | D:10     | Bought a potion of mutation for 88 gold pieces
  9876 | D:10     | Bought a potion of brilliance for 44 gold pieces
  9876 | D:10     | Lost mutation: Your body sometimes deteriorates upon taking
                  | damage. [potion of mutation]
  9876 | D:10     | Gained mutation: You have a pair of small horns on your
                  | head. [potion of mutation]
  9876 | D:10     | Gained mutation: You passively dampen the noise of your
                  | surroundings. [potion of mutation]
  9885 | D:10     | Noticed Psyche
  9901 | D:10     | Killed Psyche
 10214 | D:8      | Bought a scroll of enchant armour for 97 gold pieces
 10286 | D:10     | Found Saudeeq's Antique Weapon Boutique.
 10417 | D:10     | Found Zitum's Jewellery Shoppe.
 11112 | D:11     | Reached **** piety under Kikubaaqudgha
 11176 | D:11     | Reached skill level 9 in Fighting
 11535 | D:12     | Noticed Jorgrun
 11552 | D:12     | HP: 3/89 [constriction (14)]
 11553 | D:12     | Constricted to death by Jorgrun

Illustrated notes

Levels and vault maps discovered:
D:1:      roderic_octagonal_star, layout_basic
D:2:      layout_basic
D:3:      gammafunk_wand_slinger, layout_rooms, serial_shops, shop, uniq_sigmund
D:4:      layout_gridville, mainiacjoe_overflow_small_starburst,
          grunt_qazlal_sundering, mainiacjoe_overflow_paths,
          kennysheep_vampire_church, nrook_mini_backslash,
          minmay_fire_ice_demons
D:5:      layout_layer_cave, tgw_sif
D:6:      layout_gridville, cheibrodos_worm_habitat, xom_confusion_cloud,
          mainiacjoe_overflow_alcove_3, minmay_temple_entry_enclosed_plants,
          water_maze_lemuel
D:7:      nicolae_cairo_tiling, layout_loops_corners
D:8:      layout_rooms, serial_shops, shop, shop_fountains,
          nicolae_shop_tiny_glass, uniq_maurice, uniq_prince_ribbit1
D:9:      layout_roguey [special_room_orc], mainiacjoe_overflow_brackets,
          david_lair_shrubbed, orc_0_dummy, uniq_gastronok
D:10:     layout_loops_ring, zin_academy, serial_shops,
          nicolae_shop_advertising_works [nicolae_subvault_shop_adworks], shop,
          nicolae_shop_gaudy_bauble, nicolae_shop_pleasant_corner_grove,
          uniq_psyche, uniq_snorg
D:11:     layout_loops_ring, serial_bayou, serial_bayou_pond_e,
          serial_bayou_pond_e, serial_bayou_shore_a, serial_bayou_pond_a
D:12:     layout_cave_pools, serial_shops, nicolae_take_the_stairs,
          ebering_ghost_funeral_grove, uniq_jorgrun, uniq_frances
Temple:   kb_temple_of_zot

Skill      XL: |  1  2  3  4  5  6  7  8  9 10 11 |
---------------+----------------------------------+-----
Axes           | 3 4 5 6 7 8 |  8.3
Invocations    | 1 2 3 |  3.2
Evocations     | 1 2 3 4 5 6 |  6.0
Fighting       | 3 4 5 6 8 9 |  9.0
Armour         | 1 2 3 5 6 7 |  7.2
Dodging        | 3 4 5 6 |  6.3
Spellcasting   | 1 3 4 6 |  6.0
Necromancy     | 1 2 4 5 |  5.9
Throwing       | |  1.7

Action                     |  1- 3 |  4- 6 |  7- 9 | 10-12 || total
---------------------------+-------+-------+-------+-------++-------
  Melee: War axe           |    93 |    76 |   147 |       ||   316
         Punch             |     3 |     1 |     1 |       ||     5
         Battleaxe         |       |       |   146 |   166 ||   312
         Kick              |       |       |    67 |    96 ||   163
         Mace              |       |       |       |     4 ||     4
         Executioner's axe |       |       |       |    92 ||    92
         Headbutt          |       |       |       |    17 ||    17
  Throw: Throwing net      |       |     2 |       |       ||     2
   Cast: Necrotise         |       |       |     3 |    11 ||    14
         Vampiric Draining |       |       |       |    24 ||    24
  Evoke: Wand              |       |     1 |     9 |    39 ||    49
    Use: Potion            |       |     5 |     8 |     5 ||    18
         Scroll            |       |     6 |     2 |     7 ||    15
   Stab: Paralysed         |       |       |       |    25 ||    25
         Sleeping          |       |       |       |     1 ||     1
 Armour: Leather armour    |    51 |       |       |       ||    51
         Ring mail         |    10 |    57 |    77 |       ||   144
         Skin              |       |     2 |    41 |    22 ||    65
         Plate armour      |       |       |   197 |   179 ||   376
         Troll leather arm |       |       |       |   116 ||   116
  Dodge: Dodged            |    58 |    59 |   142 |   150 ||   409
  Block: Other             |    24 |    16 |    67 |    58 ||   165

Table legend: (Time is in decaauts)
 A = Elapsed time spent in this place.
 B = Non-inter-level travel time spent in this place.
 C = Inter-level travel time spent in this place.
 D = Time resting spent in this place.
 E = Time spent auto-exploring this place.
 F = Levels seen in this place.
 G = Mean time per level.
                   A        B        C        D        E       F      G
               +--------+--------+--------+--------+--------+-----+--------+
         Total |  11879 |  11471 |    408 |   1826 |   7369 |  13 |  913.8 |
       Dungeon |  11840 |  11451 |    389 |   1826 |   7369 |  12 |  986.7 |
        Temple |     38 |     19 |     19 |      0 |      0 |   1 |   38.0 |
               +--------+--------+--------+--------+--------+-----+--------+

Top non-repeatable levels by time:
     D:7: 1753 daAuts
     D:9: 1494 daAuts
    D:10: 1376 daAuts
     D:6: 1376 daAuts
     D:4: 1121 daAuts
     D:8: 952 daAuts
    D:11: 944 daAuts
     D:2: 900 daAuts
     D:3: 809 daAuts
     D:1: 637 daAuts
     D:5: 456 daAuts
  Temple: 38 daAuts
    D:12: 17 daAuts
